 Dungeon Crawl Stone Soup version 0.29.0-15-g675c0067aa (webtiles) character file.

Game seed: 13254188652102369980

9256 qw the Cleaver (level 11, 0/94 HPs)
             Began as a Minotaur Berserker on Sept 11, 2022.
             Was a Priest of Trog.
             Slain by an eight-headed hydra (3 damage)
             ... on level 2 of the Lair of Beasts.
             The game lasted 00:03:28 (10499 turns).

qw the Cleaver (Minotaur Berserker)                Turns: 10499, Time: 00:03:29

Health: 0/94       AC: 15    Str: 25    XL:     11   Next: 20%
Magic:  10/10      EV:  7    Int:  4    God:    Trog [***...]
Gold:   691        SH: 11    Dex: 11    Spells: 10/10 levels left

rFire   . . .      SeeInvis .   h - +1 morningstar (vamp)
rCold   + . .      Faith    .   m - +0 kite shield
rNeg    . . .      Spirit   .   s - +0 plate armour
rPois   .          Reflect  .   (helmet restricted)
rElec   .          Harm     .   p - +0 cloak
rCorr   .          Rampage  .   n - +0 pair of gloves
Will    .....                   (no boots)
Stlth   ..........              a - amulet of regeneration
HPRegen 1.05/turn               e - ring of protection from cold
MPRegen 0.12/turn               (no ring)

@: about to teleport, on berserk cooldown, slowed, very slow
A: horns 2, retaliatory headbutt
a: Renounce Religion, Berserk, Trog's Hand


You were on level 2 of the Lair of Beasts.
You worshipped Trog.
Trog was most pleased with you.
You visited 2 branches of the dungeon, and saw 10 of its levels.

You collected 691 gold pieces.


Innate Abilities, Weirdness & Mutations

You have a pair of horns on your head.
You reflexively headbutt those who attack you in melee.


   Skills:
 - Level 8.2 Fighting
 + Level 14.9 Axes
 - Level 3.5 Throwing
 - Level 7.0 Armour
 - Level 3.1 Dodging
 - Level 10.0 Shields


You had 10 spell levels left.
You didn't know any spells.
Your spell library was empty.

Inventory:

Hand Weapons
 h - a +1 vampiric morningstar (weapon)
 l - a +0 vorpal broad axe
Missiles
 c - 2 javelins (quivered)
 o - 5 boomerangs
Armour
 m - a +0 kite shield (worn)
 n - a +0 pair of gloves (worn)
 p - a +0 cloak (worn)
 s - a +0 plate armour (worn)
Jewellery
 a - an amulet of regeneration (around neck)
 e - a ring of protection from cold (left hand)
 f - a ring of fire
Scrolls
 i - 2 scrolls of teleportation
 q - a scroll of identify
Potions
 g - a potion of heal wounds
 j - 2 potions of curing
 k - a potion of cancellation
 t - a potion of resistance
 u - a potion of might

Dungeon Overview and Level Annotations

Branches:
Dungeon (8/15)             Temple (0/1) D:4            Lair (2/5) D:8
  Swamp: Lair:2-3    Shoals: Lair:2-3     Snake: Lair:2-3    Spider: Lair:2-3

Altars:
Fedhas
Makhleb
Qazlal
Vehumet
Xom
Zin


Message History

You headbutt the boulder beetle, but do no damage.
The boulder beetle is severely wounded.
Your polar bear bites the boulder beetle but does no damage.
Your polar bear claws the boulder beetle but does no damage. x2
The eight-headed hydra closely misses you.
You furiously retaliate!
You headbutt the eight-headed hydra!
The eight-headed hydra completely misses you.
The eight-headed hydra bites you.
You block the eight-headed hydra's attack.
The eight-headed hydra closely misses you.
You block the eight-headed hydra's attack. x2
The eight-headed hydra bites you.
The boulder beetle bites you but does no damage.
Your polar bear bites the boulder beetle!
Your polar bear claws the boulder beetle but does no damage. x2
The eight-headed hydra barely misses you.
You furiously retaliate!
You headbutt the eight-headed hydra! The eight-headed hydra bites you!
The eight-headed hydra bites you but does no damage.
The eight-headed hydra completely misses you.
The eight-headed hydra bites you!
You block the eight-headed hydra's attack.
The eight-headed hydra bites you but does no damage. x2
The boulder beetle bites you!
10499 ||| READING 3 scrolls of teleportation.
As you read the scroll of teleportation, it crumbles to dust.
You feel strangely unstable.
Your polar bear bites the boulder beetle but does no damage.
Your polar bear completely misses the boulder beetle.
Your polar bear claws the boulder beetle but does no damage.
Your polar bear bites the boulder beetle!
Your polar bear claws the boulder beetle but does no damage. x2
The eight-headed hydra barely misses you.
The eight-headed hydra bites you.
You block the eight-headed hydra's attack.
The eight-headed hydra barely misses you.
The eight-headed hydra bites you!
The eight-headed hydra bites you but does no damage.
The eight-headed hydra bites you.
You die...

.## 7~~~ ..# .~~~
...# ...~. ...##
7... ...... .P....
######.(....
#..7..##.##.D......
#.[PP.....@B......
#...<..%h...s...
...................
...>...............
...................
...................
.................#.
....##.##.......##
...# ## ##.......


You could see a boulder beetle (distracted, ally target), an eight-headed hydra,
a scorpion and a friendly polar bear (summoned, berserk).

Vanquished Creatures
  A two-headed ogre (D:8)
  2 cane toads (Lair:1)
  Psyche (D:8)
  4 polar bears
  3 blink frogs (Lair:1)
  A hornet (D:8)
  A wyvern (D:8)
  4 yaks (Lair:1)
  A basilisk (Lair:2)
  A steam dragon (D:8)
  3 vampire mosquitoes (D:8)
  Edmund (D:4)
  4 water moccasins
  Duvessa (D:4)
  4 ice beasts (D:8)
  2 ogres
  A black bear (D:7)
  3 wolves (D:8)
  3 orc warriors
  3 centaurs
  2 phantoms (D:7)
  2 kobold brigands (D:7)
  4 bullfrogs
  2 scorpions (D:7)
  5 elf skeletons (D:7)
  Dowan (D:4)
  6 killer bees (D:8)
  3 electric eels (D:8)
  3 crimson imps (D:3)
  5 orc priests
  5 jellies
  4 gnoll boudas
  4 hounds
  6 iguanas
  11 orc wizards
  2 centaur simulacra (D:8)
  10 adders
  11 gnolls
  A shadow imp (D:7)
  3 white imps (D:8)
  5 ufetubi
  3 worms
  2 dart slugs
  26 orcs
  5 ball pythons
  5 endoplasms
  3 giant cockroaches
  5 goblins
  23 hobgoblins
  14 kobolds
  3 quokkas
  4 bats
  2 frilled lizards
  An orc zombie (D:7)
  5 rats
240 creatures vanquished.

Vanquished Creatures (others)
  4 fungi (D:8)
  7 plants
11 creatures vanquished.

Grand Total: 251 creatures vanquished

Notes
Turn   | Place    | Note
-------+----------+-------------------------------------------
     0 | D:1      | qw the Minotaur Berserker began the quest for the Orb.
     0 | D:1      | Reached XP level 1. HP: 19/19 MP: 0/0
     0 | D:1      | 0 ||| qw: Version: 0.1-a-119-g272c26d
     0 | D:1      | 0 ||| qw: Game counter: 10701
     0 | D:1      | 0 ||| qw: Always use a shield: true
     0 | D:1      | 0 ||| qw: Do Orc after D:15 true
     0 | D:1      | 0 ||| qw: Do second Lair branch before Depths: true
     0 | D:1      | 0 ||| qw: Lair rune preference: random
     0 | D:1      | 0 ||| qw: Plans: Normal
     0 | D:1      | 0 ||| PLANNING D:1-11
    12 | D:1      | 12 ||| Stepping ~*~*~tactically~*~*~ (stealth).
    58 | D:1      | Reached skill level 4 in Axes
    83 | D:1      | 83 ||| Stepping ~*~*~tactically~*~*~ (stealth).
    87 | D:1      | 87 ||| DROPPING +0 club.
   142 | D:1      | Reached XP level 2. HP: 26/26 MP: 1/1
   196 | D:1      | 196 ||| INVOKING Berserk.
   372 | D:1      | Found a faded altar of an unknown god.
   378 | D:1      | Reached skill level 5 in Axes
   406 | D:1      | Noticed a great orb of eyes
   407 | D:1      | Noticed a golden eye
   415 | D:1      | Noticed a floating eye
   415 | D:1      | Noticed an eye of devastation
   416 | D:1      | 416 ||| UPGRADING to +0 leather armour.
   426 | D:1      | 426 ||| INVOKING Berserk.
   570 | D:1      | 570 ||| DROPPING +0 animal skin.
   603 | D:1      | Reached XP level 3. HP: 31/31 MP: 2/2
   832 | D:1      | 832 ||| READING scroll labelled YLELIEDUYW.
   833 | D:1      | 833 ||| READING scroll labelled YPATEQUFEO.
   873 | D:2      | 873 ||| Stepping ~*~*~tactically~*~*~ (stealth).
   987 | D:2      | 987 ||| INVOKING Berserk.
  1206 | D:2      | 1206 ||| Stepping ~*~*~tactically~*~*~ (stealth).
  1208 | D:2      | 1208 ||| Stepping ~*~*~tactically~*~*~ (stealth).
  1209 | D:2      | 1209 ||| Stepping ~*~*~tactically~*~*~ (stealth).
  1270 | D:2      | 1270 ||| INVOKING Berserk.
  1458 | D:2      | Reached skill level 6 in Axes
  1458 | D:2      | Reached XP level 4. HP: 30/39 MP: 3/3
  2066 | D:2      | 2066 ||| UPGRADING to amulet of regeneration.
  2071 | D:2      | 2071 ||| READING scroll labelled ZAYZUL PULLO.
  2133 | D:3      | 2133 ||| INVOKING Berserk.
  2140 | D:3      | 2140 ||| STAIRDANCE
  2370 | D:3      | 2370 ||| FLEEEEING.
  2371 | D:3      | 2371 ||| FLEEEEING.
  2373 | D:3      | 2373 ||| FLEEEEING.
  2375 | D:3      | 2375 ||| FLEEEEING.
  2376 | D:3      | 2376 ||| FLEEEEING.
  2377 | D:3      | 2377 ||| FLEEEEING.
  2378 | D:3      | 2378 ||| FLEEEEING.
  2379 | D:3      | 2379 ||| FLEEEEING.
  2380 | D:3      | 2380 ||| FLEEEEING.
  2381 | D:3      | 2381 ||| FLEEEEING.
  2382 | D:3      | 2382 ||| FLEEEEING.
  2383 | D:3      | 2383 ||| FLEEEEING.
  2383 | D:3      | HP: 8/39 [poisoned by a kobold]
  2384 | D:3      | 2384 ||| FLEEEEING.
  2386 | D:3      | HP: 3/39 [poisoned by a kobold]
  2390 | D:3      | 2390 ||| FLEEEEING.
  2391 | D:3      | 2391 ||| FLEEEEING.
  2391 | D:3      | HP: 3/39 [poisoned by a kobold]
  2392 | D:3      | 2392 ||| FLEEEEING.
  2393 | D:3      | 2393 ||| FLEEEEING.
  2394 | D:3      | 2394 ||| FLEEEEING.
  2395 | D:3      | 2395 ||| FLEEEEING.
  2401 | D:3      | 2401 ||| FLEEEEING.
  2402 | D:3      | 2402 ||| FLEEEEING.
  2403 | D:3      | 2403 ||| FLEEEEING.
  2404 | D:3      | 2404 ||| FLEEEEING.
  2405 | D:3      | 2405 ||| FLEEEEING.
  2406 | D:3      | 2406 ||| FLEEEEING.
  2407 | D:3      | 2407 ||| FLEEEEING.
  2409 | D:3      | 2409 ||| STAIRDANCE
  2431 | D:2      | 2431 ||| READING scroll labelled VUYXOR SUIF.
  2432 | D:2      | 2432 ||| READING scroll labelled REGET RIETOI.
  2433 | D:2      | 2433 ||| DRINKING 2 grey potions.
  2434 | D:2      | 2434 ||| DROPPING potion of degeneration.
  2458 | D:3      | 2458 ||| Stepping ~*~*~tactically~*~*~ (stealth).
  2488 | D:3      | Reached skill level 7 in Axes
  2488 | D:3      | Reached XP level 5. HP: 45/45 MP: 4/4
  2766 | D:3      | Found a glowing silver altar of Zin.
  2857 | D:3      | Found a shimmering altar of Xom.
  2858 | D:3      | 2858 ||| Stepping ~*~*~tactically~*~*~ (hiding).
  2871 | D:3      | Reached ** piety under Trog
  2882 | D:3      | 2882 ||| Stepping ~*~*~tactically~*~*~ (hiding).
  2893 | D:3      | Reached XP level 6. HP: 50/53 MP: 5/5
  3097 | D:3      | 3097 ||| UPGRADING to +0 ring mail.
  3107 | D:3      | 3107 ||| DROPPING +0 leather armour.
  3108 | D:3      | 3108 ||| UPGRADING to +0 pair of gloves.
  3113 | D:3      | 3113 ||| READING 3 scrolls labelled GYEL HOARAUSIU.
  3116 | D:3      | 3116 ||| READING scroll labelled SUILEN ITITYXT.
  3340 | D:4      | Found a staircase to the Ecumenical Temple.
  3349 | D:4      | Noticed Duvessa
  3350 | D:4      | Noticed Dowan
  3353 | D:4      | 3353 ||| INVOKING Berserk.
  3365 | D:4      | Killed Duvessa
  3366 | D:4      | Reached skill level 8 in Axes
  3370 | D:4      | Killed Dowan
  3414 | D:4      | Reached skill level 9 in Axes
  3424 | D:4      | 3424 ||| DROPPING +0 whip.
  3464 | D:4      | Noticed Edmund
  3468 | D:4      | 3468 ||| INVOKING Berserk.
  3471 | D:4      | Killed Edmund
  3472 | D:4      | Reached XP level 7. HP: 61/61 MP: 6/6
  3581 | D:4      | 3581 ||| DROPPING +0 flail.
  3594 | D:4      | 3594 ||| Stepping ~*~*~tactically~*~*~ (stealth).
  3595 | D:4      | 3595 ||| Stepping ~*~*~tactically~*~*~ (stealth).
  3792 | D:4      | 3792 ||| INVOKING Berserk.
  3794 | D:4      | Reached skill level 1 in Throwing
  3962 | D:4      | 3962 ||| INVOKING Berserk.
  4495 | D:4      | 4495 ||| UPGRADING to +4 ring mail of poison resistance.
  4505 | D:4      | 4505 ||| DROPPING +0 ring mail.
  4506 | D:4      | 4506 ||| UPGRADING to +0 kite shield.
  4511 | D:4      | 4511 ||| READING scroll labelled ZISAH HUGYCO.
  4512 | D:4      | 4512 ||| READING scroll labelled JUDAME BYRO.
  4513 | D:4      | 4513 ||| READING 2 scrolls labelled XETABECEUN.
  4614 | D:4      | 4614 ||| READING scroll labelled UTYIPE UNTEURR.
  4615 | D:4      | 4615 ||| DRINKING 2 fuming green potions.
  4616 | D:4      | 4616 ||| DRINKING 2 fuming brown potions.
  4617 | D:4      | 4617 ||| DRINKING 2 green potions.
  4618 | D:4      | 4618 ||| READING 2 scrolls of identify.
  4618 | D:4      | 4618 ||| IDENTIFYING amethyst potion
  4619 | D:4      | 4619 ||| DROPPING potion of lignification.
  4620 | D:4      | 4620 ||| DROPPING potion of attraction.
  4621 | D:4      | 4621 ||| DROPPING scroll of silence.
  4639 | D:5      | Entered Level 5 of the Dungeon
  4664 | D:5      | Found a burning altar of Makhleb.
  4726 | D:5      | 4726 ||| SWAPPING to +0 war axe.
  4727 | D:5      | 4727 ||| DROPPING +1 vorpal hand axe.
  4794 | D:5      | 4794 ||| INVOKING Berserk.
  4798 | D:5      | Reached skill level 1 in Shields
  4941 | D:5      | 4941 ||| Stepping ~*~*~tactically~*~*~ (hiding).
  4947 | D:5      | 4947 ||| INVOKING Berserk.
  5090 | D:5      | Reached skill level 3 in Shields
  5246 | D:5      | 5246 ||| INVOKING Berserk.
  5379 | D:5      | 5379 ||| READING scroll of brand weapon.
  5379 | D:5      | 5379 ||| BRANDING +0 war axe.
  5762 | D:5      | 5762 ||| READING scroll labelled ECE DUEF ECANA.
  5763 | D:5      | 5763 ||| READING scroll labelled DEACWI MAHO.
  5764 | D:5      | 5764 ||| READING scroll labelled QEOPRU MUCA.
  5806 | D:6      | 5806 ||| STAIRDANCE
  5811 | D:6      | 5811 ||| STAIRDANCE
  5817 | D:6      | 5817 ||| STAIRDANCE
  5919 | D:6      | 5919 ||| Stepping ~*~*~tactically~*~*~ (hiding).
  6068 | D:6      | Reached XP level 8. HP: 69/69 MP: 7/7
  6119 | D:6      | 6119 ||| Stepping ~*~*~tactically~*~*~ (stealth).
  6175 | D:6      | 6175 ||| Stepping ~*~*~tactically~*~*~ (hiding).
  6178 | D:6      | 6178 ||| Stepping ~*~*~tactically~*~*~ (hiding).
  6194 | D:6      | 6194 ||| INVOKING Berserk.
  6315 | D:6      | Reached skill level 6 in Shields
  6400 | D:6      | 6400 ||| READING scroll of enchant weapon.
  6400 | D:6      | 6400 ||| ENCHANTING +0 spectral war axe.
  6416 | D:6      | 6416 ||| INVOKING Berserk.
  6559 | D:6      | 6559 ||| Stepping ~*~*~tactically~*~*~ (stealth).
  6744 | D:7      | 6744 ||| PLANNING OSSUARY
  6784 | D:7      | 6784 ||| Stepping ~*~*~tactically~*~*~ (hiding).
  6786 | D:7      | 6786 ||| Stepping ~*~*~tactically~*~*~ (hiding).
  6791 | D:7      | Reached skill level 10 in Axes
  6827 | D:7      | 6827 ||| READING scroll of enchant weapon.
  6827 | D:7      | 6827 ||| ENCHANTING +1 spectral war axe.
  6837 | D:7      | 6837 ||| INVOKING Berserk.
  6845 | D:7      | Reached skill level 6 in Fighting
  6899 | D:7      | 6899 ||| DROPPING +2 flail of draining.
  6985 | D:7      | Identified the +8 shortbow of the Wolf {vorpal, rF+ Str+3}
  6996 | D:7      | Reached *** piety under Trog
  7014 | D:7      | Reached XP level 9. HP: 75/75 MP: 8/8
  7118 | D:7      | Reached skill level 11 in Axes
  7268 | D:7      | 7268 ||| INVOKING Berserk.
  7302 | D:7      | 7302 ||| FLEEEEING.
  7303 | D:7      | 7303 ||| FLEEEEING.
  7304 | D:7      | 7304 ||| FLEEEEING.
  7305 | D:7      | 7305 ||| FLEEEEING.
  7311 | D:7      | 7311 ||| FLEEEEING.
  7316 | D:7      | Reached skill level 3 in Dodging
  7325 | D:7      | 7325 ||| Stepping ~*~*~tactically~*~*~ (stealth).
  7366 | D:7      | 7366 ||| INVOKING Berserk.
  7380 | D:7      | 7380 ||| Stepping ~*~*~tactically~*~*~ (stealth).
  7381 | D:7      | 7381 ||| Stepping ~*~*~tactically~*~*~ (stealth).
  7385 | D:7      | 7385 ||| Stepping ~*~*~tactically~*~*~ (stealth).
  7397 | D:7      | 7397 ||| FLEEEEING.
  7444 | D:7      | 7444 ||| RIP OSSUARY
  7464 | D:7      | 7464 ||| PLANNING D:1-11
  7581 | D:7      | Reached **** piety under Trog
  7591 | D:7      | Reached skill level 12 in Axes
  7657 | D:7      | 7657 ||| DROPPING +0 chain mail.
  7658 | D:7      | 7658 ||| UPGRADING to +0 cloak.
  7663 | D:7      | 7663 ||| UPGRADING to +0 plate armour.
  7673 | D:7      | 7673 ||| DROPPING +4 ring mail of poison resistance.
  7674 | D:7      | 7674 ||| READING scroll labelled FEVVOT EQU.
  7675 | D:7      | 7675 ||| READING scroll labelled HUOGRI ZOZUOPS.
  7676 | D:7      | 7676 ||| DRINKING 3 fuming red potions.
  7677 | D:7      | 7677 ||| READING 3 scrolls of identify.
  7677 | D:7      | 7677 ||| IDENTIFYING fizzy brown potion
  7678 | D:7      | 7678 ||| READING 2 scrolls of identify.
  7678 | D:7      | 7678 ||| IDENTIFYING glowing green potion
  7679 | D:7      | 7679 ||| DROPPING potion of ambrosia.
  7680 | D:7      | 7680 ||| DROPPING 2 potions of magic.
  7681 | D:7      | 7681 ||| READING 4 scrolls of teleportation.
  7698 | D:8      | Reached skill level 3 in Armour
  7708 | D:8      | 7708 ||| FLEEEEING.
  7709 | D:8      | Noticed a polar bear
  7711 | D:8      | 7711 ||| INVOKING Berserk.
  7715 | D:8      | Killed a polar bear
  7830 | D:8      | Identified the +10 spear of Instant Death {drain, rF- rC++}
  7940 | D:8      | 7940 ||| Stepping ~*~*~tactically~*~*~ (hiding).
  7941 | D:8      | 7941 ||| Stepping ~*~*~tactically~*~*~ (hiding).
  7967 | D:8      | 7967 ||| INVOKING Berserk.
  7969 | D:8      | Reached skill level 6 in Armour
  7984 | D:8      | Reached XP level 10. HP: 73/86 MP: 9/9
  7987 | D:8      | 7987 ||| FLEEEEING.
  7996 | D:8      | 7996 ||| STAIRDANCE
  8098 | D:7      | 8098 ||| READING 2 scrolls of identify.
  8098 | D:7      | 8098 ||| IDENTIFYING black potion
  8111 | D:8      | Noticed Psyche
  8113 | D:8      | 8113 ||| INVOKING Berserk.
  8115 | D:8      | Killed Psyche
  8116 | D:8      | Reached skill level 9 in Shields
  8130 | D:8      | 8130 ||| Stepping ~*~*~tactically~*~*~ (stealth).
  8171 | D:8      | 8171 ||| Stepping ~*~*~tactically~*~*~ (hiding).
  8194 | D:8      | 8194 ||| Stepping ~*~*~tactically~*~*~ (stealth).
  8195 | D:8      | 8195 ||| Stepping ~*~*~tactically~*~*~ (stealth).
  8198 | D:8      | 8198 ||| INVOKING Berserk.
  8245 | D:8      | 8245 ||| Stepping ~*~*~tactically~*~*~ (stealth).
  8246 | D:8      | 8246 ||| Stepping ~*~*~tactically~*~*~ (stealth).
  8247 | D:8      | 8247 ||| Stepping ~*~*~tactically~*~*~ (stealth).
  8319 | D:8      | 8319 ||| INVOKING Berserk.
  8321 | D:8      | Reached skill level 13 in Axes
  8417 | D:8      | Reached skill level 3 in Throwing
  8456 | D:8      | 8456 ||| Stepping ~*~*~tactically~*~*~ (hiding).
  8477 | D:8      | 8477 ||| INVOKING Berserk.
  8494 | D:8      | 8494 ||| Stepping ~*~*~tactically~*~*~ (stealth).
  8495 | D:8      | 8495 ||| Stepping ~*~*~tactically~*~*~ (stealth).
  8504 | D:8      | 8504 ||| Stepping ~*~*~tactically~*~*~ (stealth).
  8509 | D:8      | 8509 ||| FLEEEEING.
  8510 | D:8      | 8510 ||| FLEEEEING.
  8521 | D:8      | 8521 ||| Stepping ~*~*~tactically~*~*~ (stealth).
  8522 | D:8      | Found a staircase to the Lair.
  8541 | D:8      | 8541 ||| FLEEEEING.
  8542 | D:8      | 8542 ||| FLEEEEING.
  8543 | D:8      | 8543 ||| STAIRDANCE
  8567 | D:7      | 8567 ||| READING 2 scrolls of identify.
  8567 | D:7      | 8567 ||| IDENTIFYING purple potion
  8570 | D:8      | 8570 ||| STAIRDANCE
  8580 | D:8      | 8580 ||| INVOKING Berserk.
  8610 | D:8      | 8610 ||| Stepping ~*~*~tactically~*~*~ (water).
  8618 | D:8      | 8618 ||| Stepping ~*~*~tactically~*~*~ (stealth).
  8723 | D:8      | Found a stormy altar of Qazlal.
  8731 | D:8      | Found a blossoming altar of Fedhas.
  8781 | D:8      | Found a radiant altar of Vehumet.
  8801 | D:8      | 8801 ||| INVOKING Berserk.
  8918 | D:8      | Noticed a two-headed ogre
  8922 | D:8      | 8922 ||| INVOKING Berserk.
  8924 | D:8      | Killed a two-headed ogre
  9274 | D:8      | 9274 ||| PLANNING LAIR
  9300 | Lair:1   | Entered Level 1 of the Lair of Beasts
  9301 | Lair:1   | 9301 ||| INVOKING Berserk.
  9428 | Lair:1   | Noticed a cane toad
  9432 | Lair:1   | 9432 ||| INVOKING Berserk.
  9434 | Lair:1   | Killed a cane toad
  9435 | Lair:1   | Reached skill level 14 in Axes
  9593 | Lair:1   | Noticed a cane toad
  9596 | Lair:1   | 9596 ||| INVOKING Berserk.
  9598 | Lair:1   | Killed a cane toad
  9765 | Lair:1   | Reached XP level 11. HP: 94/94 MP: 10/10
  9773 | Lair:1   | 9773 ||| Stepping ~*~*~tactically~*~*~ (stealth).
  9778 | Lair:1   | 9778 ||| Stepping ~*~*~tactically~*~*~ (stealth).
  9980 | Lair:1   | 9980 ||| INVOKING Berserk.
 10433 | Lair:1   | 10433 ||| UPGRADING to ring of protection from cold.
 10434 | Lair:1   | 10434 ||| READING scroll labelled KULLUI ZAFURAEDIBO.
 10434 | Lair:1   | Identified a scroll of acquirement
 10434 | Lair:1   | 10434 ||| ACQUIRING +0 vorpal broad axe
 10434 | Lair:1   | Acquired a +0 vorpal broad axe
 10436 | Lair:1   | 10436 ||| SWAPPING to +0 vorpal broad axe.
 10437 | Lair:1   | 10437 ||| DROPPING +2 spectral war axe.
 10438 | Lair:1   | 10438 ||| READING 2 scrolls of identify.
 10438 | Lair:1   | 10438 ||| IDENTIFYING yellow potion
 10439 | Lair:1   | 10439 ||| DROPPING potion of berserk rage.
 10478 | Lair:2   | Noticed a boulder beetle
 10482 | Lair:2   | 10482 ||| INVOKING Berserk.
 10495 | Lair:2   | Noticed an eight-headed hydra
 10496 | Lair:2   | 10496 ||| INVOKING Brothers in Arms.
 10497 | Lair:2   | 10497 ||| SWAPPING to +1 vampiric morningstar.
 10498 | Lair:2   | HP: 18/94 [eight-headed hydra (10)]
 10499 | Lair:2   | 10499 ||| READING 3 scrolls of teleportation.
 10499 | Lair:2   | HP: 3/94 [eight-headed hydra (7)]
 10499 | Lair:2   | Slain by an eight-headed hydra

Levels and vault maps discovered:
D:1:      dpeg_arrival_radiant, layout_rooms,
          hellmonk_ecumenical_altar_watching_god, minmay_pentomino_r4
D:2:      layout_basic
D:3:      layout_loops_ring, led_xom_imps, zin_scriptorium,
          grunt_decor_junction, minmay_unequal
D:4:      layout_basic, minmay_temple_entry_sparse_star, minivault_11,
          nrook_mini_backslash, nicolae_elevator_lobby_asterisk, uniq_edmund,
          uniq_duvessa
D:5:      layout_basic, mainiacjoe_overflow_six_doors_small
D:6:      layout_loops_ring, st_stairs_7
D:7:      kennysheep_housing_project, layout_cave_pools,
          nicolae_ossuary_entry_catacombs
D:8:      layout_basic, grunt_temple_overflow_forces_of_nature,
          nicolae_vehumet_radiance, serial_ice, serial_ice_f, serial_ice_b,
          serial_ice_m, serial_ice_a, serial_ice_l, serial_ice_o, serial_ice_h,
          minmay_manual_moon, uniq_psyche
Lair:1:   layout_cave_pods
Lair:2:   layout_hall_layers, minmay_swamp_entry_swarm, serial_bayou_pond_a,
          eino_small_chamber_without_monster, nzn_masters_of_martial_movement,
          serial_bayou_shore_b, serial_bayou_shore_b, grunt_megastairs_3,
          infiniplex_staircase_pool

Skill      XL: |  1  2  3  4  5  6  7  8  9 10 11 |
---------------+----------------------------------+-----
Axes           | 4 5 6 7 9 10 12 14 | 14.9
Fighting       | 4 5 6 7 8 |  8.2
Throwing       | 1 2 3 |  3.5
Shields        | 5 7 8 9 10 | 10.0
Dodging        | 3 |  3.1
Armour         | 6 7 |  7.0

Action                   |  1- 3 |  4- 6 |  7- 9 | 10-12 || total
-------------------------+-------+-------+-------+-------++-------
Melee: Hand axe          |    80 |    95 |    16 |       ||   191
       Headbutt          |     9 |    14 |    30 |    21 ||    74
       Punch             |     1 |     1 |     1 |       ||     3
       War axe           |       |       |   162 |    84 ||   246
       Broad axe         |       |       |       |     9 ||     9
       Morningstar       |       |       |       |     1 ||     1
Throw: Boomerang         |       |     8 |    27 |       ||    35
       Javelin           |       |       |    29 |    29 ||    58
Invok: Berserk           |     4 |     3 |    12 |    12 ||    31
       Brothers in Arms  |       |       |       |     1 ||     1
  Use: Scroll            |     2 |     5 |    16 |     5 ||    28
       Potion            |       |     1 |     4 |       ||     5
 Stab: Distracted        |       |       |       |     1 ||     1
Armor: Leather armour    |    15 |     7 |       |       ||    22
       Ring mail         |       |     1 |    36 |       ||    37
       Plate armour      |       |       |    17 |    34 ||    51
Dodge: Dodged            |    35 |    49 |    41 |    25 ||   150
Block: Kite shield       |       |       |    57 |    43 ||   100

Table legend:
 A = Non-vault XP
 B = Vault XP
 C = Vault XP percentage of total XP
 D = Non-vault monster count
 E = Vault monster count
 F = Vault count percentage of total count
                 A         B        C        D         E       F
            +---------+---------+-------+---------+---------+-------
      Total |    9025 |    4198 |  31.7 |     174 |      66 |  27.5
            +---------+---------+-------+---------+---------+-------
        D:1 |      31 |      14 |  31.1 |      18 |       1 |   5.3
        D:2 |      80 |       0 |   0.0 |      21 |       0 |   0.0
        D:3 |     114 |     150 |  56.8 |      16 |       5 |  23.8
        D:4 |     200 |     389 |  66.0 |      20 |       3 |  13.0
        D:5 |     282 |       0 |   0.0 |      18 |       0 |   0.0
        D:6 |     541 |       0 |   0.0 |      17 |       0 |   0.0
        D:7 |    1194 |    1201 |  50.1 |      22 |      37 |  62.7
        D:8 |    2946 |    2444 |  45.3 |      26 |      20 |  43.5
     Lair:1 |    3441 |       0 |   0.0 |      15 |       0 |   0.0
     Lair:2 |     196 |       0 |   0.0 |       1 |       0 |   0.0
            +---------+---------+-------+---------+---------+-------
